 Dungeon Crawl Stone Soup version 0.29-a0-668-g12ee2bf84d (webtiles) character file.

Game seed: 9682685986453978861

42 purpskrrrp the Cudgeller (level 3, -10/26 HPs)
             Began as a Demonspawn Wanderer on June 23, 2022.
             Was an Initiate of Ashenzari.
             Mangled by Terence
             ... wielding a +0 flail
              (11 damage)
             ... on level 2 of the Dungeon.
             The game lasted 00:08:22 (2031 turns).

purpskrrrp the Cudgeller (Demonspawn Wanderer)      Turns: 2031, Time: 00:08:23

Health: -10/26     AC:  4    Str: 16    XL:     3   Next: 33%
Magic:  4/4        EV: 11    Int: 14    God:    Ashenzari [......]
Gold:   90         SH:  3    Dex:  9    Spells: 3/4 levels left

rFire   . . .      SeeInvis .   a - +0 flail
rCold   . . .      Faith    .   b - +0 buckler
rNeg    . . .      Spirit   .   d - +0 robe
rPois   .          Reflect  .   e - +0 helmet "Regret of Ashenzari" {Range, Comp} (curse)
rElec   .          Harm     .   (no cloak)
rCorr   .          Rampage  .   (no gloves)
Will    .....                   (no boots)
Stlth   +.........              (no amulet)
HPRegen 0.08/turn               p - ring of wizardry
MPRegen 0.09/turn               (no ring)

@: no status effects
A: rugged brown scales 1, weakness stinger 1
a: Renounce Religion, Shatter the Chains


You were on level 2 of the Dungeon.
You worshipped Ashenzari.
Ashenzari was noncommittal.
You visited 1 branch of the dungeon, and saw 2 of its levels.

You collected 90 gold pieces.

Inventory:

Hand Weapons
 a - a +0 flail (weapon)
 k - a +0 quarterstaff
Missiles
 f - 5 boomerangs (quivered)
Armour
 b - a +0 buckler (worn)
 d - a +0 robe (worn)
 e - the cursed +0 helmet "Regret of Ashenzari" (worn) {Range, Comp}
   (You found it on level 1 of the Dungeon)

   It has a curse which improves the following skills: Ranged Combat: Slings,
   Bows, Crossbows and Throwing.
   Companions: Summonings and Necromancy.
 l - a +0 leather armour
Jewellery
 n - an amulet of faith
 p - a ring of wizardry (left hand)
Scrolls
 h - a scroll of blinking {unknown}
 i - a scroll of amnesia {unknown}
 m - a scroll of poison {unknown}
 o - a scroll of immolation {unknown}
Potions
 c - 2 potions of invisibility
 g - 2 potions of heal wounds {unknown}
 j - a potion of flight {unknown}


   Skills:
 + Level 1.3 Fighting
 + Level 3.4 Maces & Flails
 + Level 1.4 Dodging
 + Level 1.2 Stealth
 + Level 1.0 Shields
 + Level 1.0 Spellcasting
 + Level 2.4(2.8) Necromancy


You had 3 spell levels left.
You knew the following spells:

 Your Spells              Type           Power      Damage    Failure   Level
a - Necrotize             Necr           32%        1d5       4%          1

Your spell library contained the following spells:

 Spells                   Type           Power      Damage    Failure   Level
 Magic Dart               Conj           0%         1d3       14%         1
 Vampiric Draining        Necr           8%         2d6       14%         3
 Call Imp                 Summ           0%         N/A       21%         2
 Mephitic Cloud           Conj/Pois/Air  0%         N/A       38%         3


Dungeon Overview and Level Annotations

Branches:
Dungeon (2/15)

Altars:
Ashenzari

Annotations:
D:2 Terence


Innate Abilities, Weirdness & Mutations

You are partially covered in rugged brown scales. (AC +1, +3% HP)
You have a small tail.


Message History

You see here an adder corpse.
You start resting.
You feel sick. x3
You are no longer poisoned.
You start resting.
HP restored.
You start removing your amulet.
You continue taking off your amulet of faith. x4
You finish taking off your amulet of faith.
You now have 90 gold pieces (gained 6).
A rat comes into view.
A rat is nearby!
The rat closely misses you.
You hit the rat.
You kill the rat!
You see here a rat corpse.
Found a robe.
Found 4 stones.
You see here a +0 robe.
You see here 4 stones.
Terence the Incautious comes into view.
He is wielding a +0 flail.
Terence shouts!
Terence hits you with a +0 flail!
You sock Terence!
Terence is moderately wounded.
Terence barely misses you. Terence hits you with a +0 flail.
You barely miss Terence.
Terence is moderately wounded.
Terence barely misses you.
You closely miss Terence.
Terence is moderately wounded.
Terence misses you.
You barely miss Terence.
Terence is moderately wounded.
Terence hits you with a +0 flail.
You hit Terence.
Terence is severely wounded.
Terence hits you with a +0 flail!
* * * LOW HITPOINT WARNING * * *
Terence hits you with a +0 flail!
You die...

#.# #.# #.# #.#
#.# #.# #.# #.#
#.###.#
#.#...###########
#.#.........[(..#
#....##########.##
##...# #@..# #...#
#....@........
#...#
#.####...#####
#.#.# ##.##
####.#.# ...
.....#.# #..#
####.#.# #..#
#.#.# ..# #.#.#


You could see Terence.

Vanquished Creatures
  An adder (D:2)
  2 bats
  5 endoplasms
  2 giant cockroaches (D:1)
  4 goblins
  2 kobolds
  5 quokkas
  A ball python (D:2)
  3 frilled lizards
  3 rats
28 creatures vanquished.

Vanquished Creatures (others)
  A plant (D:2)
1 creature vanquished.

Grand Total: 29 creatures vanquished

Notes
Turn   | Place    | Note
-------+----------+-------------------------------------------
     0 | D:1      | purpskrrrp the Demonspawn Wanderer began the quest for the
                  | Orb.
     0 | D:1      | purpskrrrp set off with the following items: a +0 flail, a
                  | +0 buckler, a potion of invisibility, a +0 robe; and the
                  | following spell memorised: Necrotize; and the following
                  | spells available to memorise: Vampiric Draining.
     0 | D:1      | Reached XP level 1. HP: 15/15 MP: 2/2
   343 | D:1      | Reached skill level 3 in Maces & Flails
   368 | D:1      | Gained mutation: You are partially covered in rugged brown
                  | scales. (AC +1, +3% HP) [demonic ancestry]
   368 | D:1      | Reached XP level 2. HP: 10/21 MP: 3/3
  1446 | D:2      | Found a faded altar of an unknown god.
  1490 | D:2      | Gained mutation: You have a small tail. [demonic ancestry]
  1490 | D:2      | Reached XP level 3. HP: 9/26 MP: 4/4
  1754 | D:2      | Prayed at the altar of an unknown god.
  1754 | D:2      | Became a worshipper of Ashenzari the Shackled
  2025 | D:2      | Noticed Terence
  2031 | D:2      | HP: 1/26 [Terence/+0 flail (10)]
  2031 | D:2      | Mangled by Terence

Illustrated notes

Levels and vault maps discovered:
D:1:      co_arrival_square_in_a_square_in_a_square, layout_basic
D:2:      layout_loops_ring, dreamdust_ecumenical_altar_grove, uniq_terence

Skill      XL: |  1 |
---------------+----+-----
Maces & Flails | 3 |  3.4
Fighting       | |  1.3
Dodging        | |  1.4
Stealth        | |  1.2
Shields        | |  1.0
Spellcasting   | |  1.0
Necromancy     | |  2.4

Action                   || total
-------------------------++-------
Melee: Flail             ||   105
Throw: Boomerang         ||     1
 Cast: Necrotize         ||     2
Invok: Curse Item        ||     1
  Use: Potion            ||     1
Armor: Robe              ||    38
Dodge: Dodged            ||    77
Block: Buckler           ||    14

Table legend: (Time is in decaauts)
 A = Elapsed time spent in this place.
 B = Non-inter-level travel time spent in this place.
 C = Inter-level travel time spent in this place.
 D = Time resting spent in this place.
 E = Time spent auto-exploring this place.
 F = Levels seen in this place.
 G = Mean time per level.
                   A        B        C        D        E       F      G
               +--------+--------+--------+--------+--------+-----+--------+
         Total |   2059 |   1908 |    151 |    845 |    699 |   2 | 1029.5 |
       Dungeon |   2059 |   1908 |    151 |    845 |    699 |   2 | 1029.5 |
               +--------+--------+--------+--------+--------+-----+--------+

Top non-repeatable levels by time:
     D:1: 1401 daAuts
     D:2: 658 daAuts
